[Event "Titled Tuesday Blitz May 9 Early 2023"]
[White "Di Nicolantonio, Lucas"]
[Black "Delorme, Alban"]
[WhiteFideId "680460"]
[BlackFideId "623636"]
[WhiteElo "2358"]
[BlackElo "2196"]
[Result "0-1"]
[Round "02"]
[TimeControl "180+2"]
[Date "2023.05.09"]
[WhiteClock "0:00:00"]
[BlackClock "0:01:56"]

1. Nf3 Nf6 2. c4 g6 3. Nc3 Bg7 4. g3 d6 5. Bg2 O-O 6. O-O c5 7. d4 cxd4 8. Nxd4 Nc6 9. Nxc6 bxc6 10. Bxc6 Rb8 11. Bg2 Qa5 12. e4 Ba6 13. Qd3 Nd7 14. Nd5 Rfe8 15. Bd2 Qd8 16. b3 Nc5 17. Qe3 e6 18. Nb4 Bb7 19. Rad1 Qe7 20. Rfe1 a5 21. Nd3 Nxd3 22. Qxd3 a4 23. Bc3 axb3 24. axb3 Red8 25. Bxg7 Kxg7 26. Qc3+ e5 27. h4 Kg8 28. Qe3 Bc6 29. Rd3 Bd7 30. Red1 Be6 31. Qd2 Rb6 32. c5 Rxb3 33. cxd6 Qb7 34. Qg5 Rd7 35. Qxe5 Rxd3 36. Rxd3 Qb1+ 37. Bf1 Bh3 38. Qe8+ Kg7 39. Qe5+ f6 0-1


[Site "https://www.chess.com"]

[Event "Titled Tuesday Blitz May 9 Early 2023"]
[White "Nissinen, Niilo Man"]
[Black "Lewicki, Miroslaw"]
[WhiteFideId "30950767"]
[BlackFideId "1113380"]
[WhiteElo "1952"]
[BlackElo "2212"]
[Result "1-0"]
[Round "02"]
[TimeControl "180+2"]
[Date "2023.05.09"]
[WhiteClock "0:00:12"]
[BlackClock "0:00:00"]

1. e4 c5 2. Nf3 d6 3. d4 cxd4 4. Nxd4 Nf6 5. Nc3 g6 6. Be3 Bg7 7. f3 O-O 8. Qd2 Nc6 9. O-O-O Nxd4 10. Bxd4 Be6 11. h4 a6 12. h5 b5 13. Kb1 Rc8 14. Ne2 Qc7 15. Nf4 Bc4 16. Bxc4 Qxc4 17. Bxf6 exf6 18. Nd5 Rce8 19. Nb6 Qc7 20. Qxd6 Qa7 21. h6 Re6 22. hxg7 Rfe8 23. Qh2 h5 24. Nd5 Kxg7 25. Nc7 Qe3 26. Nxe8+ Rxe8 27. Rde1 Qc5 28. Qg1 Qc4 29. g4 Rc8 30. Qg2 Qb4 31. gxh5 g5 32. f4 Kh6 33. fxg5+ fxg5 34. Qf2 Qe7 35. e5 Rc4 36. Qf6+ Qxf6 37. exf6 Rf4 38. Ref1 Re4 39. c3 g4 40. Kc2 Re2+ 41. Kb3 a5 42. Rf5 a4+ 43. Ka3 g3 44. Rg1 g2 45. Rf3 b4+ 46. cxb4 Kxh5 47. Rg3 Kh4 48. R3xg2 Re3+ 49. Kxa4 Rh3 50. Rg8 1-0


[Site "https://www.chess.com"]

[Event "Titled Tuesday Blitz May 9 Early 2023"]
[White "Jeet, Jain"]
[Black "Smith, Shreyas"]
[WhiteFideId "5073022"]
[BlackFideId "7400713"]
[WhiteElo "2067"]
[BlackElo "2151"]
[Result "0-1"]
[Round "02"]
[TimeControl "180+2"]
[Date "2023.05.09"]
[WhiteClock "0:00:20"]
[BlackClock "0:00:08"]

1. Nf3 d5 2. g3 Nf6 3. Bg2 e6 4. O-O Bd6 5. b3 e5 6. d3 O-O 7. Bb2 Re8 8. e3 c6 9. Nbd2 Nbd7 10. a3 a5 11. c4 Nf8 12. Qe2 Ng6 13. Rfd1 Bg4 14. h3 Bxf3 15. Nxf3 Qc7 16. Rac1 Qb6 17. Qc2 Qd8 18. Qc3 Qe7 19. c5 Bc7 20. b4 axb4 21. axb4 e4 22. dxe4 dxe4 23. Nd4 Be5 24. Qb3 Nd5 25. Nf5 Qg5 26. Bxe5 Rxe5 27. Nd6 h5 28. Nxe4 Qe7 29. Nc3 Nxe3 30. fxe3 Rxe3 31. Qc4 h4 32. g4 Ra3 33. Rf1 Ne5 34. Qd4 Rd3 35. Rxf7 Kxf7 36. Qf4+ Kg8 37. Ne4 Ra2 38. Rf1 Nc4 39. Ng5 Rxg2+ 40. Kxg2 Ne3+ 41. Kg1 Nxf1 42. Kxf1 Qf6 43. Qxf6 gxf6 44. Ne4 Rxh3 45. Nxf6+ Kf7 46. Ne4 Rb3 47. Nd6+ Ke6 48. Nxb7 Rxb4 49. Nd6 Rxg4 50. Kf2 Rd4 51. Nb7 Rd5 52. Kg2 Kf5 53. Kh3 Kg5 54. Kh2 Rd3 55. Na5 Kg4 56. Nxc6 Rd2+ 57. Kg1 Kg3 58. Kf1 h3 59. Ne7 h2 60. Nf5+ Kh3 61. Ke1 Rg2 62. Ng3 Rxg3 63. Kf2 Rg2+ 64. Kf3 h1=Q 65. Kf4 Qf1+ 66. Ke5 Re2+ 67. Kd6 Qd1+ 68. Kc7 Re5 69. c6 Qd5 70. Kb6 Re6 71. Ka7 Rxc6 72. Kb8 Qb5+ 73. Ka7 Ra6# 0-1


[Site "https://www.chess.com"]

[Event "Titled Tuesday Blitz May 9 Early 2023"]
[White "Samaganova, Aleksandra"]
[Black "Goldin, Alexander"]
[WhiteFideId "13800221"]
[BlackFideId "2019540"]
[WhiteElo "1858"]
[BlackElo "2662"]
[Result "1-0"]
[Round "02"]
[TimeControl "180+2"]
[Date "2023.05.09"]
[WhiteClock "0:00:12"]
[BlackClock "0:00:15"]

1. c4 e6 2. Nc3 d5 3. e3 Nf6 4. Nf3 a6 5. b3 b6 6. Bb2 Bb7 7. d4 Bd6 8. Bd3 O-O 9. O-O Nbd7 10. Re1 Ne4 11. Bc2 f5 12. Nxe4 fxe4 13. Ne5 Bxe5 14. dxe5 Qh4 15. g3 Qe7 16. Qg4 Qf7 17. Re2 Rae8 18. Rd1 h5 19. Qg5 Qf3 20. Rdd2 Rf5 21. Qh4 Nf8 22. Bd1 Ng6 23. Qh3 Rg5 24. Re1 Qf7 25. Bxh5 c5 26. cxd5 exd5 27. Bxg6 Rxg6 28. Red1 Rf8 29. Qg2 Rh6 30. Bc3 a5 31. a3 Qe6 32. b4 a4 33. bxc5 bxc5 34. Rb1 Bc6 35. Rb6 Qf5 36. Rdb2 Qg4 37. Be1 Qd1 38. Rb1 Qd3 39. R6b2 Qa6 40. Qf1 Qc8 41. Qg2 Rh5 42. Rb6 Qe6 43. h4 Rhf5 44. Rb8 Kh7 45. Rxf8 Rxf8 46. h5 Rf5 47. Qh3 Qxe5 48. g4 Rg5 49. Qg3 Qe6 50. Kf1 Rxg4 51. Qh2 Rg5 52. h6 Qxh6 53. Qxh6+ Kxh6 54. Rb6 Rg6 55. Ra6 Re6 56. Ra5 Kg6 57. Bc3 Kf5 58. Ke2 g6 59. Rxc5 Kg4 60. Bb4 g5 61. Rc1 Kh3 62. Rg1 Kh4 63. Bc3 g4 64. Ba5 Kg5 65. Bd8+ Kf5 66. Bc7 Bb5+ 67. Kd2 Rc6 68. Bf4 Bd3 69. Rh1 Rb6 70. Rh5+ Ke6 71. Rh6+ Kf5 72. Rxb6 Bc4 73. Rb4 Bb3 74. Ke2 Ke6 75. Bg3 Kd7 76. Kd2 Kc6 77. Kc3 Kc5 78. Rb8 Bc4 79. Rc8+ Kb6 80. Rg8 Kb5 81. Rxg4 Kc5 82. Rg8 Kc6 83. Rc8+ Kd7 84. Ra8 Kc6 85. Rxa4 Kb5 86. Ra8 Kc5 87. Rb8 Kc6 88. a4 Kc5 89. a5 Ba6 90. Rb4 Kc6 91. Rb6+ Kc5 92. Rxa6 Kb5 93. Rf6 Kxa5 94. Rf5 Kb5 95. Rxd5+ Kc6 96. Rd4 Kc5 97. Rxe4 Kd5 98. Rd4+ 1-0


[Site "https://www.chess.com"]

[Event "Titled Tuesday Blitz May 9 Early 2023"]
[White "Soham Kamotra"]
[Black "Yonal, Timur"]
[WhiteFideId "46647490"]
[BlackFideId "44115725"]
[WhiteElo "2209"]
[BlackElo "1966"]
[Result "0-1"]
[Round "02"]
[TimeControl "180+2"]
[Date "2023.05.09"]
[WhiteClock "0:00:00"]
[BlackClock "0:00:06"]

1. c4 e5 2. g3 Nf6 3. Bg2 d5 4. cxd5 Nxd5 5. Nc3 Nb6 6. Nf3 Nc6 7. O-O Be7 8. d3 O-O 9. Be3 Be6 10. a3 f6 11. Rc1 Nd4 12. Ne4 c6 13. Nc5 Bxc5 14. Rxc5 Qd6 15. b4 Nd7 16. Rc1 a5 17. Nxd4 exd4 18. Bf4 Qe7 19. b5 cxb5 20. Bxb7 Ra7 21. Rc7 Qxa3 22. Qb1 b4 23. Rfc1 b3 24. R1c6 b2 25. Rc2 Nb6 26. Rxb2 Na4 27. Rbc2 Nc3 28. Qb6 Rxb7 29. Rxb7 Qa1+ 30. Rc1 Qa2 31. Qb2 Nxe2+ 32. Kf1 Qxb2 33. Rxb2 Nxc1 34. Bxc1 a4 35. Rb6 Rc8 36. Bb2 Bh3+ 37. Ke1 Rc2 38. Bxd4 a3 39. Ra6 a2 40. Ra7 h5 41. Kd1 a1=Q+ 42. Rxa1 Rc6 43. Kd2 Rd6 44. Be3 Bf5 45. Ra3 Kh7 46. Ke2 Kg6 47. Bf4 Rc6 48. h4 Rc2+ 49. Ke3 Bg4 50. f3 Bf5 51. Ra7 Rc1 52. Bd6 Re1+ 53. Kf2 Re8 54. d4 Rd8 55. Bc5 Rc8 56. Rb7 Rd8 57. Re7 Rc8 58. Ke3 Rd8 59. Ra7 Rc8 60. d5 Rxc5 61. Kd4 Rc8 62. d6 Rb8 63. Kc5 Rb3 64. g4 hxg4 65. fxg4 Bxg4 66. h5+ Kxh5 67. Rxg7 f5 68. Rg8 Rd3 69. Kc6 f4 70. Rh8+ Kg5 71. Rg8+ Kh4 72. Rh8+ Kg3 73. Rg8 f3 74. Rf8 f2 75. Kc5 Kg2 76. Rf4 f1=Q 77. Rxg4+ Kh3 78. Rc4 Qf5+ 79. Kc6 Qe6 80. Rd4 Rxd4 81. Kb7 Qxd6 82. Kc8 Rc4+ 83. Kb7 Qb4+ 84. Ka6 Rc2 0-1


[Site "https://www.chess.com"]

[Event "Titled Tuesday Blitz May 9 Early 2023"]
[White "Vidruska, Renate"]
[Black "Parkhov, Yair"]
[WhiteFideId "11601841"]
[BlackFideId "2813408"]
[WhiteElo "1976"]
[BlackElo "2421"]
[Result "0-1"]
[Round "02"]
[TimeControl "180+2"]
[Date "2023.05.09"]
[WhiteClock "0:00:09"]
[BlackClock "0:00:20"]

1. e4 e6 2. d4 d5 3. Nc3 Bb4 4. exd5 exd5 5. a3 Bxc3+ 6. bxc3 Ne7 7. c4 O-O 8. Bd3 Bf5 9. Ne2 Nbc6 10. O-O Bxd3 11. Qxd3 dxc4 12. Qxc4 Qd5 13. Qxd5 Nxd5 14. Rb1 Nb6 15. Bf4 Rfe8 16. Ng3 Nd5 17. Bd2 Nb6 18. c3 Na5 19. Bf4 c6 20. Bc7 Nac4 21. Bxb6 axb6 22. Rfe1 Nxa3 23. Rxe8+ Rxe8 24. Rxb6 Re1+ 25. Nf1 Nc4 26. Rxb7 g5 27. f3 Nd2 28. Kf2 Rxf1+ 29. Ke2 Rb1 30. Rc7 Rb2 31. Rxc6 Kf8 32. Kd3 Nb3 33. d5 Ke7 34. Rh6 Nc5+ 35. Kc4 Nd7 36. g4 Rd2 37. Rxh7 Nb6+ 38. Kb3 Nxd5 39. h4 gxh4 40. Rxh4 Nf4 41. g5 Ne6 42. Re4 Kd6 43. c4 Nc5+ 44. Kc3 Nxe4+ 45. fxe4 Rg2 0-1


[Site "https://www.chess.com"]

[Event "Titled Tuesday Blitz May 9 Early 2023"]
[White "petr577"]
[Black "Volkov, Maksim"]
[BlackFideId "54123070"]
[WhiteElo "2211"]
[BlackElo "2297"]
[Result "0-1"]
[Round "02"]
[TimeControl "180+2"]
[Date "2023.05.09"]
[WhiteClock "0:00:02"]
[BlackClock "0:00:38"]

1. e4 c5 2. Nf3 d6 3. d4 cxd4 4. Qxd4 Nc6 5. Bb5 Bd7 6. Bxc6 Bxc6 7. Nc3 Nf6 8. Bg5 e6 9. O-O-O Be7 10. Qd3 O-O 11. Nd4 Qb6 12. f4 Rfc8 13. f5 e5 14. Nxc6 bxc6 15. Bxf6 Bxf6 16. Qxd6 Rd8 17. Qa3 Rd4 18. Rxd4 exd4 19. Na4 Qb5 20. Nc5 Be7 21. b4 Rb8 22. Qxa7 Bg5+ 23. Kd1 Qxb4 24. Nd3 Qb1+ 25. Ke2 Qxc2+ 26. Kf3 Qxd3+ 27. Kg4 Qxe4+ 28. Kxg5 h6+ 29. Kh5 Qxf5+ 30. Kh4 g5+ 31. Kh5 g4+ 32. Kh4 Re8 33. Qxd4 Re4 34. Qd8+ Kh7 35. Qd2 g3+ 36. Kxg3 Rg4+ 37. Kh3 Rf4+ 38. Kg3 Qg4# 0-1


[Site "https://www.chess.com"]

[Event "Titled Tuesday Blitz May 9 Early 2023"]
[White "Wieczorek, Oskar"]
[Black "Van Baar, Esper"]
[WhiteFideId "1133950"]
[BlackFideId "1049321"]
[WhiteElo "2418"]
[BlackElo "2152"]
[Result "0-1"]
[Round "02"]
[TimeControl "180+2"]
[Date "2023.05.09"]
[WhiteClock "0:00:00"]
[BlackClock "0:00:02"]

1. e4 c5 2. Nf3 d6 3. d4 cxd4 4. Nxd4 Nf6 5. Nc3 a6 6. Be2 e5 7. Nf3 Be7 8. Bg5 Be6 9. Bxf6 Bxf6 10. O-O O-O 11. Nd5 Nd7 12. Bc4 b5 13. Bb3 Be7 14. Qe2 Nb6 15. Rfd1 Bxd5 16. Bxd5 Nxd5 17. Rxd5 Qc7 18. c3 Rab8 19. a3 Qc4 20. Qc2 f5 21. Nd2 Qe2 22. Qd3 Qxd3 23. Rxd3 Bg5 24. Rxd6 Bxd2 25. Rxd2 fxe4 26. Re1 Rfd8 27. Rde2 a5 28. Rxe4 b4 29. axb4 axb4 30. Rxe5 Rd2 31. cxb4 Rxb4 32. Rf5 g6 33. Rf3 Rbxb2 34. Re8+ Kg7 35. Re7+ Kh6 36. h4 Rd4 37. g3 Kh5 38. Rxh7+ Kg4 39. Rf6 Kh3 0-1


[Site "https://www.chess.com"]

[Event "Titled Tuesday Blitz May 9 Early 2023"]
[White "Sailer, Mike"]
[Black "Khumalo, Keith"]
[WhiteFideId "2012901"]
[BlackFideId "14319470"]
[WhiteElo "2109"]
[BlackElo "2056"]
[Result "0-1"]
[Round "02"]
[TimeControl "180+2"]
[Date "2023.05.09"]
[WhiteClock "0:00:07"]
[BlackClock "0:01:38"]

1. d4 Nf6 2. Bg5 c5 3. Bxf6 exf6 4. Nc3 cxd4 5. Qxd4 Nc6 6. Qa4 d5 7. O-O-O Be6 8. Nf3 Be7 9. Nxd5 Bxd5 10. e4 O-O 11. exd5 Ne5 12. Nxe5 fxe5 13. Bd3 a6 14. Qe4 f5 15. Qxe5 Kh8 16. Bxf5 Bf6 17. Qe4 Qb6 18. c3 Rae8 19. Qc2 g6 20. Be4 Bg5+ 21. Kb1 Rxf2 22. Qxf2 Qxf2 23. Bf3 Qb6 24. d6 Rd8 25. d7 Qc7 26. Bg4 h5 27. Bh3 Bf6 28. Rhf1 Kg7 29. Rfe1 Qxh2 30. Re6 g5 31. Bf5 Qxg2 32. Rde1 Qf3 33. Be4 Qg4 34. Bxb7 Rxd7 35. Bxa6 Rd1+ 36. Rxd1 Qxd1# 0-1


[Site "https://www.chess.com"]

[Event "Titled Tuesday Blitz May 9 Early 2023"]
[White "Simonian, Hrair"]
[Black "Aung Thant Zin"]
[WhiteFideId "13302337"]
[BlackFideId "13000063"]
[WhiteElo "2447"]
[BlackElo "2278"]
[Result "1-0"]
[Round "02"]
[TimeControl "180+2"]
[Date "2023.05.09"]
[WhiteClock "0:00:19"]
[BlackClock "0:00:00"]

1. e4 c5 2. Nc3 a6 3. g3 b5 4. Bg2 Bb7 5. Nge2 e6 6. d4 cxd4 7. Nxd4 Nf6 8. a3 d6 9. O-O Qc7 10. Re1 Nbd7 11. a4 b4 12. Na2 Qb6 13. a5 Qxa5 14. e5 Bxg2 15. exf6 Bb7 16. Nb3 Qd5 17. Qxd5 Bxd5 18. fxg7 Bxg7 19. Nxb4 Bb7 20. Na5 Bc8 21. c3 O-O 22. Bf4 d5 23. Nac6 Re8 24. Nxd5 Bb7 25. Nde7+ Kh8 26. Na5 Rxe7 27. Nxb7 Nb6 28. Nc5 Nc4 29. b3 Nb2 30. Bd6 Ree8 31. Be5 f6 32. Bd4 e5 33. Be3 Bf8 34. Re2 Bxc5 35. Bxc5 Nd3 36. Be3 Rec8 37. c4 e4 38. Bd4 Kg7 39. Rxe4 Nb4 40. Re7+ Kg6 41. Re6 Rc6 42. Rae1 Rac8 43. Bc3 Nc2 44. R1e2 Rxe6 45. Rxe6 Rf8 46. Rxa6 Rd8 47. Rxf6+ Kg5 48. h4+ Kg4 49. Kg2 1-0


[Site "https://www.chess.com"]

[Event "Titled Tuesday Blitz May 9 Early 2023"]
[White "KorolDimitriy75"]
[Black "Sargsyan, Shant"]
[BlackFideId "13306766"]
[WhiteElo "2470"]
[BlackElo "2628"]
[Result "0-1"]
[Round "02"]
[TimeControl "180+2"]
[Date "2023.05.09"]
[WhiteClock "0:00:00"]
[BlackClock "0:00:09"]

1. d4 g6 2. c4 Nf6 3. Nf3 Bg7 4. Nc3 O-O 5. e4 d6 6. Be2 Nbd7 7. O-O e5 8. Re1 c6 9. Bf1 Re8 10. Rb1 a5 11. b3 exd4 12. Nxd4 Nc5 13. f3 Nh5 14. Be3 Ne6 15. Qd2 Nhf4 16. Rbd1 Be5 17. Na4 Nxd4 18. Bxd4 Ne6 19. Be3 c5 20. Nc3 Nd4 21. Ne2 Nc6 22. f4 Bg7 23. Qxd6 Qxd6 24. Rxd6 Rxe4 25. Bxc5 Bg4 26. h3 Be6 27. Red1 Bf8 28. g3 Bxd6 29. Bxd6 Rd8 30. Kf2 Bf5 31. Bg2 Ree8 32. c5 h5 33. Nc3 Nb4 34. Nd5 Nxd5 35. Bxd5 Be4 36. Rd4 Bxd5 37. Rxd5 Re6 38. a3 Re4 39. Kf3 f5 40. g4 a4 41. b4 Rc4 42. Re5 Rc3+ 43. Kg2 hxg4 44. hxg4 fxg4 45. Rg5 Kf7 46. Rxg4 Re8 47. Rg5 Re2+ 48. Kf1 Ra2 49. Re5 Rc1+ 50. Re1 Rxe1+ 51. Kxe1 Rxa3 52. b5 Rc3 53. Kd2 Rh3 54. c6 bxc6 55. bxc6 Ke6 56. Be5 a3 57. c7 Kd7 58. Kc2 Rf3 59. Kb1 Rf2 60. Ka1 a2 0-1


[Site "https://www.chess.com"]

[Event "Titled Tuesday Blitz May 9 Early 2023"]
[White "Viasus, Juan Diego"]
[Black "Manukyan, Sargis A."]
[WhiteFideId "4464346"]
[BlackFideId "13303970"]
[WhiteElo "1249"]
[BlackElo "2187"]
[Result "0-1"]
[Round "02"]
[TimeControl "180+2"]
[Date "2023.05.09"]
[WhiteClock "0:02:06"]
[BlackClock "0:02:30"]

1. d4 d5 2. Bf4 Nf6 3. e3 Bg4 4. Nf3 e6 5. Nbd2 c5 6. c3 Nc6 7. Be2 Bd6 8. Bg3 O-O 9. Ne5 Bxe2 10. Qxe2 Ne4 11. Nxe4 dxe4 12. Qc2 cxd4 13. exd4 f5 14. O-O f4 15. Nxc6 bxc6 16. Qxe4 fxg3 17. Qxe6+ Kh8 18. fxg3 Qe7 19. Rxf8+ Rxf8 20. Qxe7 Bxe7 21. Re1 Bg5 22. Re5 Bc1 23. b3 Bd2 24. Rc5 Be3+ 0-1


[Site "https://www.chess.com"]

[Event "Titled Tuesday Blitz May 9 Early 2023"]
[White "Namitbir Singh Walia"]
[Black "demon64fields"]
[WhiteFideId "35071068"]
[WhiteElo "2239"]
[BlackElo "2891"]
[Result "0-1"]
[Round "02"]
[TimeControl "180+2"]
[Date "2023.05.09"]
[WhiteClock "0:00:00"]
[BlackClock "0:01:27"]

1. e4 e6 2. d4 d5 3. Nd2 c5 4. exd5 exd5 5. Ngf3 Nc6 6. Bb5 Bd6 7. dxc5 Bxc5 8. O-O Ne7 9. Nb3 Bb6 10. h3 O-O 11. c3 Qd6 12. Re1 a6 13. Bd3 Bxh3 14. Bxh7+ Kxh7 15. Ng5+ Kg8 16. Nxh3 Rad8 17. Be3 Bxe3 18. Rxe3 Nf5 19. Rd3 Ne5 20. Rd2 Nc4 21. Rc2 Rfe8 22. Nd4 Qf6 23. Nxf5 Qxf5 24. Re2 Re6 25. b3 Nd6 26. Rxe6 fxe6 27. Qd4 Nb5 28. Qd2 e5 29. a4 Nc7 30. Re1 e4 31. Qf4 Qxf4 32. Nxf4 g5 33. Ne2 Ne6 34. Rd1 Kf7 35. b4 Ke7 36. Kf1 Kf6 37. Ke1 Ke5 38. f3 Rh8 39. Kf2 Nf4 40. fxe4 dxe4 41. Ng1 Rh2 42. Rd7 Rxg2+ 43. Kf1 Rc2 44. Rxb7 Rxc3 45. Rb6 Rc1+ 46. Kf2 Rc2+ 47. Kf1 Rc1+ 48. Kf2 e3+ 49. Kf3 Rxg1 0-1


[Site "https://www.chess.com"]

[Event "Titled Tuesday Blitz May 9 Early 2023"]
[White "Bochnicka, Vladimir"]
[Black "Gharibyan, Mamikon"]
[WhiteFideId "14943450"]
[BlackFideId "13308300"]
[WhiteElo "2094"]
[BlackElo "2445"]
[Result "0-1"]
[Round "02"]
[TimeControl "180+2"]
[Date "2023.05.09"]
[WhiteClock "0:00:07"]
[BlackClock "0:00:50"]

1. e4 c6 2. d4 d5 3. e5 Bf5 4. h4 h5 5. Bd3 Bxd3 6. Qxd3 Qb6 7. Nf3 Qa6 8. e6 Qxd3 9. exf7+ Kxf7 10. cxd3 Nf6 11. O-O Na6 12. a3 Re8 13. Bf4 g6 14. Nbd2 Ng4 15. Rae1 Bh6 16. Bxh6 Nxh6 17. Ng5+ Kg7 18. Ndf3 Nf5 19. Re5 Nc7 20. Rfe1 Nb5 21. Ne6+ Kf6 22. a4 Nbd6 23. Nf4 Reg8 24. Re6+ Kf7 25. Ng5+ Ke8 26. Nxg6 Rh6 27. Nf4 Rxe6 28. Rxe6 Nxh4 29. Ngh3 Nf3+ 30. Kh1 Nxd4 31. Rh6 N6f5 32. Rxh5 e5 33. Ne2 Nxe2 34. Rxf5 Nc1 35. Rxe5+ Kd7 36. Nf4 Kd6 37. d4 Nb3 38. Re6+ Kd7 39. Rh6 Nxd4 40. Rh7+ Kd6 41. f3 Nf5 42. Rxb7 a5 43. Ra7 Rb8 44. Nd3 Rb3 45. Nf4 Rb4 46. Rxa5 Rxf4 47. Ra8 Rb4 48. a5 Rxb2 49. a6 Ng3+ 50. Kh2 Nf1+ 51. Kh3 Ra2 52. a7 Kc7 53. g4 d4 54. g5 d3 55. Re8 Rxa7 56. Re1 Nd2 57. Rd1 Nxf3 58. Kg4 Nxg5 59. Kxg5 Ra3 60. Kf4 Kd6 61. Ke4 Kc5 62. Rxd3 Rxd3 63. Kxd3 Kb4 64. Kc2 Kc4 65. Kc1 Kc3 66. Kd1 c5 67. Kc1 c4 68. Kd1 Kb2 69. Kd2 c3+ 0-1


[Site "https://www.chess.com"]

[Event "Titled Tuesday Blitz May 9 Early 2023"]
[White "Galchenko, Matvey"]
[Black "Xu, Daniel"]
[WhiteFideId "24175480"]
[BlackFideId "2627345"]
[WhiteElo "2423"]
[BlackElo "1980"]
[Result "1-0"]
[Round "02"]
[TimeControl "180+2"]
[Date "2023.05.09"]
[WhiteClock "0:00:12"]
[BlackClock "0:00:00"]

1. f4 Nf6 2. Nf3 g5 3. g3 gxf4 4. gxf4 d5 5. b3 Rg8 6. Bb2 Bg7 7. Rg1 e6 8. e3 Nh5 9. Bxg7 Rxg7 10. Rxg7 Nxg7 11. Nc3 Qf6 12. Ne5 Qh4+ 13. Ke2 Qxh2+ 14. Ke1 Qg3+ 15. Ke2 Qh2+ 16. Kd3 b6 17. Nb5 Ba6 18. Kc3 Bxb5 19. Bxb5+ Ke7 20. Qg4 Qh6 21. Rg1 Kf8 22. Kb2 Qf6 23. c3 a6 24. Bd3 h5 25. Qh3 c5 26. Rg5 Ra7 27. a4 Nd7 28. Nf3 c4 29. bxc4 Nc5 30. Bc2 dxc4 31. Ne5 b5 32. Nc6 Rc7 33. Rxc5 e5 34. Nxe5 Qd8 35. Rxc7 Qxc7 36. axb5 axb5 37. Qf3 h4 38. Qa8+ Ke7 39. Qd5 Ne6 40. f5 Nc5 41. Qxf7+ Kd6 42. Qxc7+ Kxc7 43. f6 Kd6 44. f7 Ke7 45. Bf5 Na4+ 46. Kc2 Nb6 47. Be6 Kf8 48. Ng6+ 1-0


[Site "https://www.chess.com"]

[Event "Titled Tuesday Blitz May 9 Early 2023"]
[White "Gutkin, Ilya"]
[Black "Remizov, Yaroslav"]
[WhiteFideId "16203470"]
[BlackFideId "34134015"]
[WhiteElo "2265"]
[BlackElo "2400"]
[Result "0-1"]
[Round "02"]
[TimeControl "180+2"]
[Date "2023.05.09"]
[WhiteClock "0:00:00"]
[BlackClock "0:00:41"]

1. Nf3 g5 2. Nxg5 e5 3. d4 Be7 4. Nf3 e4 5. Ng1 d5 6. Bf4 c5 7. dxc5 Bxc5 8. e3 Ne7 9. Nd2 Ng6 10. Bg3 Nc6 11. Nb3 Be7 12. Ne2 h5 13. h3 h4 14. Bh2 Be6 15. Ned4 Qb6 16. Be2 Bf6 17. c3 Nxd4 18. exd4 Rg8 19. g4 hxg3 20. Bxg3 Nh4 21. Kf1 Nf5 22. Bf4 Ke7 23. Bg4 Nh4 24. Nc5 Bxg4 25. hxg4 Nf3 26. Qe2 Rxg4 27. Nxe4 dxe4 28. Qxe4+ Kf8 29. Qxf3 Qb5+ 30. Qe2 Qxe2+ 31. Kxe2 Rxf4 32. Ke3 Rf5 33. Rag1 Re8+ 34. Kd3 Rxf2 35. Rh6 b5 36. b3 a5 37. a4 b4 38. cxb4 axb4 39. Kc4 Rc2+ 40. Kxb4 Rb8+ 41. Ka3 Be7+ 42. b4 Bxb4+ 43. Kb3 Rc3+ 44. Kb2 Ke7 0-1


[Site "https://www.chess.com"]

[Event "Titled Tuesday Blitz May 9 Early 2023"]
[White "Lopez Del Alamo, Antonio"]
[Black "Hua, Lefong"]
[WhiteFideId "2227339"]
[BlackFideId "2602253"]
[WhiteElo "2175"]
[BlackElo "2716"]
[Result "1-0"]
[Round "02"]
[TimeControl "180+2"]
[Date "2023.05.09"]
[WhiteClock "0:00:06"]
[BlackClock "0:00:09"]

1. e4 c5 2. Nf3 g6 3. d4 cxd4 4. Nxd4 Bg7 5. Nc3 Nc6 6. Nb3 Nf6 7. Be2 O-O 8. O-O d6 9. Bg5 Be6 10. Kh1 a5 11. a4 Bxb3 12. cxb3 Nb4 13. Bc4 Rc8 14. Qe2 Qc7 15. Rad1 Rfe8 16. f4 Nd7 17. Bh4 Nb6 18. Bb5 Rf8 19. f5 Qd8 20. h3 Bxc3 21. bxc3 Rxc3 22. Qd2 Rc5 23. Qh6 gxf5 24. Rf3 Kh8 25. exf5 f6 26. Rg3 Rf7 27. Re1 Nd7 28. Bc4 d5 29. Be2 Ne5 30. Bh5 Qf8 31. Rxe5 Qxh6 32. Bxf7 Qf8 33. Rxe7 Rc1+ 34. Kh2 Rc6 35. Re8 Qxe8 36. Bxe8 Rd6 37. Bb5 d4 38. Rg4 d3 39. Be1 d2 40. Bxd2 Rxd2 41. Bc4 h5 42. Rg8+ Kh7 43. Rf8 Kg7 44. Rf7+ Kh6 45. Rxb7 Kg5 46. Rb5 Nc2 47. Rxa5 Ne1 48. Bd5 h4 49. Rc5 Nd3 50. Rb5 Ne5 51. a5 Ra2 52. b4 Ra3 53. Be4 Nf7 54. Rb6 Kf4 55. Bd5 Ng5 56. a6 Kxf5 57. b5 Ke5 58. Bc6 f5 59. Rb7 Ne4 60. Re7+ Kf4 61. Bxe4 fxe4 62. a7 e3 63. Rxe3 Kxe3 64. b6 Kf2 65. b7 Rxa7 66. b8=Q Rf7 67. Qb6+ Kf1 68. Qb5+ Ke1 69. Qg5 Rh7 70. Qg4 Rh8 71. Qe4+ Kf1 72. Qf5+ Ke1 73. Qe5+ Kf1 74. Qxh8 Ke1 75. Qf6 Ke2 76. Qxh4 Kf1 77. Qg4 Kf2 78. h4 Ke1 79. h5 1-0


[Site "https://www.chess.com"]

[Event "Titled Tuesday Blitz May 9 Early 2023"]
[White "Morefield, Jason"]
[Black "Ramirez Vido, Robert Yorisan"]
[WhiteFideId "30920825"]
[BlackFideId "3513823"]
[WhiteElo "2171"]
[BlackElo "2446"]
[Result "1-0"]
[Round "02"]
[TimeControl "180+2"]
[Date "2023.05.09"]
[WhiteClock "0:00:06"]
[BlackClock "0:00:00"]

1. e4 d6 2. d4 Nf6 3. Nc3 g6 4. Be3 c6 5. h3 Nbd7 6. f4 e5 7. Nf3 Bg7 8. Qe2 O-O 9. O-O-O Qa5 10. fxe5 dxe5 11. d5 cxd5 12. exd5 Nb6 13. Qb5 Qxb5 14. Bxb5 Rd8 15. d6 Ne8 16. Bxe8 Rxe8 17. Bxb6 axb6 18. d7 Bxd7 19. Rxd7 e4 20. Nd4 e3 21. Nde2 f5 22. Rxb7 Rad8 23. Rd1 Rxd1+ 24. Kxd1 Rd8+ 25. Kc1 Rd2 26. Nf4 Bxc3 27. bxc3 Rf2 28. Nd3 e2 29. Kd2 e1=Q+ 30. Kxe1 Rxc2 31. Rxb6 Rxc3 32. Nf4 Rc2 33. a4 Rc4 34. Ne2 Rxa4 35. Rb8+ Kg7 36. Rb7+ Kh6 37. Kf2 Ra3 38. Nf4 g5 39. Rb6+ Kg7 40. Nh5+ Kg8 41. Rf6 Ra2+ 42. Kg1 Ra3 43. Rxf5 Ra1+ 44. Kh2 h6 45. Rf6 Ra5 46. Rxh6 Kf8 47. Rg6 Kf7 48. Rf6+ Ke7 49. g4 Ra2+ 50. Kg3 Ra3+ 51. Rf3 Ra5 52. Ng7 Kd7 53. h4 gxh4+ 54. Kxh4 Ra4 55. Kh5 Ke7 56. g5 Ra1 57. Kg6 Ra6+ 58. Kh7 1-0


[Site "https://www.chess.com"]

[Event "Titled Tuesday Blitz May 9 Early 2023"]
[White "Fernandez Siles, Luis"]
[Black "De Silva, L M S T"]
[WhiteFideId "2209420"]
[BlackFideId "9953698"]
[WhiteElo "2195"]
[BlackElo "2395"]
[Result "0-1"]
[Round "02"]
[TimeControl "180+2"]
[Date "2023.05.09"]
[WhiteClock "0:00:00"]
[BlackClock "0:00:08"]

1. e4 c6 2. d4 d5 3. exd5 cxd5 4. c4 Nf6 5. Nc3 Nc6 6. Bg5 dxc4 7. Bxc4 e6 8. Nf3 Be7 9. O-O O-O 10. a3 a6 11. Ba2 Nd5 12. Bxd5 exd5 13. Bxe7 Nxe7 14. Ne5 f6 15. Nd3 Be6 16. Re1 Bf7 17. Nf4 Qd7 18. Na4 Rae8 19. Nc5 Qc8 20. Nce6 Bxe6 21. Nxe6 Rf7 22. Rc1 Nc6 23. Nf4 Rxe1+ 24. Qxe1 Qd7 25. Qc3 g5 26. Ne2 Re7 27. Ng3 Qg4 28. h3 Qxd4 29. Qxd4 Nxd4 30. Rd1 Ne2+ 31. Kf1 Nxg3+ 32. fxg3 Re5 33. g4 b5 34. Kf2 a5 35. Rc1 d4 36. Rc8+ Kf7 37. Rd8 Rc5 38. Rxd4 Rc2+ 39. Kf3 Rxb2 40. a4 Rb4 41. Rd5 Ke6 42. Rc5 Kd6 43. Rf5 Rf4+ 44. Rxf4 gxf4 45. axb5 a4 0-1


[Site "https://www.chess.com"]

[Event "Titled Tuesday Blitz May 9 Early 2023"]
[White "Bashkansky, Ethan"]
[Black "Sadykov, Ramil"]
[WhiteFideId "2071533"]
[BlackFideId "24113590"]
[WhiteElo "2356"]
[BlackElo "2245"]
[Result "0-1"]
[Round "02"]
[TimeControl "180+2"]
[Date "2023.05.09"]
[WhiteClock "0:00:01"]
[BlackClock "0:00:04"]

1. d4 Nf6 2. c4 e6 3. Nc3 Bb4 4. Qc2 O-O 5. Nf3 b6 6. e4 Bxc3+ 7. bxc3 d6 8. Bd3 e5 9. dxe5 dxe5 10. Nxe5 Re8 11. f4 Na6 12. Ba3 Bb7 13. O-O-O Qc8 14. Rhg1 Ng4 15. Nxg4 Qxg4 16. g3 Nc5 17. Bxc5 bxc5 18. e5 g6 19. Be4 Rab8 20. Rge1 Bxe4 21. Qxe4 Re6 22. f5 Qxf5 23. Qxf5 gxf5 24. Rd5 Rbe8 25. Rxc5 c6 26. Kc2 Kg7 27. Kd3 Kg6 28. Re3 f6 29. a4 fxe5 30. a5 a6 31. Ke2 Kf6 32. Kf3 Rb8 33. g4 fxg4+ 34. Kxg4 Rg8+ 35. Kf3 Rge8 36. Re4 Rg8 37. Ke3 Rg5 38. Rh4 Ke7 39. Rxh7+ Kd6 40. Rxc6+ Kxc6 41. Ra7 Kc5 42. Rc7+ Rc6 43. Ra7 Kxc4 44. Rh7 Kxc3 45. h4 Rg1 46. Rh6 Rxh6 0-1


[Site "https://www.chess.com"]